 Dungeon Crawl Stone Soup version 0.29-a0-834-g1e95ca9f62 (webtiles) character file.

Game seed: 12706228178820841030

35 lesbiats the Sneak (level 3, 14/14 HPs)
             Began as a Felid Conjurer on July 13, 2022.
             Quit the game on level 2 of the Dungeon.
             The game lasted 00:11:09 (2034 turns).

lesbiats the Sneak (Felid Conjurer)                 Turns: 2034, Time: 00:11:11

Health: 14/14      AC:  1    Str:  3    XL:     3   Next: 16%
Magic:  7/7        EV: 18    Int: 21    God:
Gold:   54         SH:  0    Dex: 14    Spells: 3/6 levels left
                                        Lives:  0   Deaths: 1

rFire   . . .      SeeInvis +   (weapon unavailable)
rCold   . . .      Faith    .   (shield unavailable)
rNeg    . . .      Spirit   .   (body armour unavailable)
rPois   .          Reflect  .   (helmet unavailable)
rElec   .          Harm     .   (cloak unavailable)
rCorr   .          Rampage  .   (gloves unavailable)
Will    .....                   (boots unavailable)
Stlth   +++.......              (no amulet)
HPRegen 0.04/turn               f - ring of flight
MPRegen 0.10/turn               (no ring)

@: flying, quick
A: very small, claws 1, fangs 3, see invisible, speed 1, shaggy fur 1, stealthy
paws, no weapons or thrown items, no armour, multi-lived
a: no special abilities


You were on level 2 of the Dungeon.
You visited 1 branch of the dungeon, and saw 2 of its levels.

You collected 54 gold pieces.

Inventory:

Jewellery
 f - a ring of flight (left paw)
Scrolls
 c - 2 scrolls of identify {unknown}
 e - a scroll of silence {unknown}
 g - a scroll of immolation {unknown}
 i - 2 scrolls of teleportation
Potions
 a - a potion of magic
 b - 2 potions of ambrosia {unknown}
 d - a potion of mutation {unknown}
 h - a potion of heal wounds {unknown}


   Skills:
 + Level 0.0 Fighting
 + Level 4.0 Dodging
 - Level 5.5 Stealth
 + Level 2.0 Spellcasting
 * Level 3.6 Conjurations


You had 3 spell levels left.
You knew the following spells:

 Your Spells              Type           Power      Damage    Failure   Level
a - Magic Dart            Conj           68%        1d6       3%          1
b - Searing Ray           Conj           34%        2d5       4%          2

Your spell library contained the following spells:

 Spells                   Type           Power      Damage    Failure   Level
 Dazzling Flash           Conj/Hex       18%        N/A       22%         3
 Mephitic Cloud           Conj/Pois/Air  7%         N/A       26%         3
 Ignite Poison            Fire/Tmut/Pois 2%         N/A       41%         3
 Fulminant Prism          Conj/Hex       4%         3d6       56%         4
 Iskenderun's Mystic Bla  Conj/Tloc      9%         2d4       56%         4
 Freezing Cloud           Conj/Ice/Air   3%         6-21      94%         5


Dungeon Overview and Level Annotations

Branches:
Dungeon (2/15)

Altars:


Innate Abilities, Weirdness & Mutations

You have sharp claws.
You have razor-sharp teeth.
You have supernaturally acute eyesight. (SInv)
You cover ground quickly. (Speed+)
You are covered in fur. (AC +1)
Your paws help you pounce on unaware monsters.
You are incapable of wielding weapons or throwing items.
You cannot wear armour.
You gain extra lives every three experience levels.


Message History

The magic dart hits the adder.
The adder is heavily wounded.
The endoplasm hits you.
* * * LOW HITPOINT WARNING * * *
The adder bites you.
* * * LOW HITPOINT WARNING * * *
Unknown command.
Okay, then.
Okay, then.
The adder misses you. The endoplasm barely misses you. The adder misses you.
The adder completely misses you. The adder barely misses you.
The adder attacks as you move away! The adder misses you.
Found a stone staircase leading down.
The kobold misses you. The adder attacks as you move away!
The adder misses you. The adder attacks as you move away!
The adder bites you but does no damage.
The kobold throws a stone.
The stone misses you. The adder closely misses you.
Casting: Magic Dart (safe; 3% risk of failure)
Confirm with . or Enter, or press ? or * to list all spells.
Aiming: Searing Ray (safe; 4% risk of failure)
Press: ? - help, Shift-Dir - straight line, f/p - adder
Aim: an adder (heavily wounded, 63% to hit)
The searing ray misses the adder. (Press . to maintain the ray.)
The adder barely misses you. x2
The searing ray misses the adder.
The adder bites you.
* * * LOW HITPOINT WARNING * * *
The searing ray misses the adder.
The adder bites you but does no damage.
The searing ray hits the adder.
The adder is severely wounded.
You finish channelling your searing ray.
The adder closely misses you. x2
The adder attacks as you move away! The adder bites you.
You die...
The adder barely misses you.
You are now level 3!
You rejoin the land of the living...
Unknown command.
Are you sure you want to abandon this character and quit the game? (Confirm with "yes".)

#.####.............#.....
#####.## #............##.)...
#......###..........####.....
#........#..........# #.....
#......#.#..........####.....
#......#...###...............
#.†........#.....##.###.#####
#..........#.######.#..<#
#......#.###@### #.#.###
#......#.......# #.....#
#.########.....# ###.#.# #..#
#.....# ####.#.#
##.#######.....# #....#.#
#..............# #.####.#
####.#####...#....# #.# #.#
#....#8.8#....#.#####.# #.#
#.8###...###8...#.....# #.#


There were no monsters in sight!

Vanquished Creatures
  Jessica (D:2)
  A dart slug (D:1)
  6 bats
  3 endoplasms
  3 giant cockroaches
  8 goblins
  7 hobgoblins
  2 quokkas
  2 ball pythons (D:2)
  3 frilled lizards
  6 kobolds
  5 rats
47 creatures vanquished.

Vanquished Creatures (others)
  10 plants (D:1)
10 creatures vanquished.

Grand Total: 57 creatures vanquished

Notes
Turn   | Place    | Note
-------+----------+-------------------------------------------
     0 | D:1      | lesbiats the Felid Conjurer began the quest for the Orb.
     0 | D:1      | Reached XP level 1. HP: 7/7 MP: 4/4
    43 | D:1      | Reached skill level 3 in Stealth
   174 | D:1      | Reached XP level 2. HP: 8/11 MP: 1/6
   368 | D:1      | Learned a level 2 spell: Searing Ray
   571 | D:1      | Reached skill level 4 in Stealth
   792 | D:1      | Reached XP level 3. HP: 14/14 MP: 2/7
  1761 | D:2      | Found a faded altar of an unknown god.
  1895 | D:2      | Noticed Jessica
  1898 | D:2      | Killed Jessica
  1899 | D:2      | Reached skill level 5 in Stealth
  1899 | D:2      | Reached XP level 4. HP: 18/18 MP: 4/8
  2033 | D:2      | Slain by an adder
  2034 | D:2      | Reached XP level 3. HP: 0/14 MP: 0/7
  2034 | D:2      | Quit the game

Illustrated notes

Levels and vault maps discovered:
D:1:      nzn_arrival_crosshair, layout_rooms, minmay_misc_feat_cross,
          serial_bayou_lagoon_a, chequers_big_river, minmay_pentomino_w2
D:2:      layout_basic, dreamdust_ecumenical_altar_angels_and_demons,
          uniq_jessica, uniq_sigmund

Skill      XL: |  1  2  3 |
---------------+----------+-----
Stealth        | 3 4 5 |  5.5
Dodging        | 3 4 |  4.0
Spellcasting   | |  2.0
Conjurations   | |  3.6

Action                   |  1- 3 |  4- 6 || total
-------------------------+-------+-------++-------
Melee: Unarmed           |     5 |     2 ||     7
       Bite              |     1 |       ||     1
 Cast: Magic Dart        |    74 |     9 ||    83
       Searing Ray       |       |     1 ||     1
  Use: Scroll            |       |     1 ||     1
 Stab: Sleeping          |     1 |     1 ||     2
Armor: Skin              |     4 |     2 ||     6
Dodge: Dodged            |    11 |    22 ||    33

Table legend: (Time is in decaauts)
 A = Elapsed time spent in this place.
 B = Non-inter-level travel time spent in this place.
 C = Inter-level travel time spent in this place.
 D = Time resting spent in this place.
 E = Time spent auto-exploring this place.
 F = Levels seen in this place.
 G = Mean time per level.
                   A        B        C        D        E       F      G
               +--------+--------+--------+--------+--------+-----+--------+
         Total |   1819 |   1698 |    121 |    523 |    845 |   2 |  909.5 |
       Dungeon |   1819 |   1698 |    121 |    523 |    845 |   2 |  909.5 |
               +--------+--------+--------+--------+--------+-----+--------+

Top non-repeatable levels by time:
     D:1: 1287 daAuts
     D:2: 532 daAuts
